 Dungeon Crawl Stone Soup version 0.25-a0-316-gd28d56f9c5 (webtiles) character file.

Game seed: 2653517988002075919, levelgen mode: classic

858 Borgoz the Cudgeler (level 8, -6/48 HPs)
             Began as a Gargoyle Gladiator on Dec 24, 2019.
             Was an Initiate of Okawaru.
             Mangled by an ogre
             ... wielding a +0 giant club
              (16 damage)
             ... on level 4 of the Dungeon.
             The game lasted 00:08:12 (3583 turns).

Borgoz the Cudgeler (Gargoyle Gladiator)            Turns: 3583, Time: 00:08:12

Health: -6/48      AC: 13    Str: 18    XL:     8   Next: 2%
Magic:  8/8        EV: 13    Int:  9    God:    Okawaru [......]
Gold:   206        SH:  0    Dex: 13    Spells: 7/7 levels left

rFire    . . .     SeeInvis .   a - +2 flail
rCold    . . .     Gourm    .   (no shield)
rNeg     + . .     Faith    .   g - +0 ring mail
rPois    ∞         Spirit   .   c - +1 helmet
rElec    +         Reflect  .   (no cloak)
rCorr    .         Harm     .   (no gloves)
MR       .....                  (no boots)
Stlth    +.........             (no amulet)
HPRegen  0.16/turn              (no ring)
MPRegen  0.11/turn              (no ring)

@: no status effects
A: negative energy resistance 1, electricity resistance, unbreathing,
petrification resistance, rot immunity, AC +5
a: Renounce Religion


You were on level 4 of the Dungeon.
You worshipped Okawaru.
Okawaru was noncommittal.
You were not hungry.

You visited 1 branch of the dungeon, and saw 6 of its levels.
You also visited: Sewer.

You collected 206 gold pieces.

Inventory:

Hand Weapons
 a - a +2 flail (weapon)
Missiles
 d - 3 throwing nets (quivered)
Armour
 c - a +1 helmet (worn)
 g - a +0 ring mail (worn)
Scrolls
 e - a scroll of teleportation
 h - 2 scrolls of remove curse
 j - a scroll of enchant armour
Potions
 i - a potion of flight
 k - a potion of lignification {unknown}
 l - a potion of curing
 n - a potion of mutation
Comestibles
 b - 6 chunks of flesh
 f - 8 rations


   Skills:
 + Level 4.4 Fighting
 * Level 5.9 Maces & Flails
 - Level 1.7 Throwing
 + Level 3.5 Armour
 * Level 4.8 Dodging


You had 7 spell levels left.
You didn't know any spells.
Your spell library was empty.

Dungeon Overview and Level Annotations

Branches:
Dungeon (6/15)              Sewer (visited)
 Temple: D:4-7

Altars:
Fedhas
Hepliaklqana
Okawaru
Uskayaw
Yredelemnul


Innate Abilities, Weirdness & Mutations

You are resistant to torment.
Your stone body is resilient. (AC +5)
You are immune to poison.
You resist negative energy. (rN+)
You are resistant to electric shocks. (rElec)
You can survive without breathing.
You are immune to petrification.
You are immune to rotting.


Message History

You barely miss the ogre. The ogre hits you with a +0 giant club.
You hit the ogre.
The ogre is lightly wounded.
The ogre hits you with a +0 giant club!
* * * LOW HITPOINT WARNING * * *
You sock the ogre!
The ogre is severely wounded.
The ogre hits you but does no damage.
You hit the ogre.
The ogre is severely wounded.
The ogre hits you but does no damage.
You hit the ogre but do no damage.
The ogre is severely wounded.
You feel better. The ogre hits you with a +0 giant club!
* * * LOW HITPOINT WARNING * * *
You feel better. The ogre hits you but does no damage.
You barely miss the ogre.
The ogre is severely wounded.
The ogre hits you with a +0 giant club!
You die...

#########...##.########. ..
##.............. ...
#.###.######### ...########
##.###.## #........#
#.......### #### .#........#
#...##....# #... ..........#
#.#.##....# #...
#........###.#..#....# #...
#.......{O@........### #...
#........######....#####...
#........%.............<...
....######...........###....
..# .........#........ .
.........#.####...
..................
#######.>.........
####.###.###


You could see an ogre.

Vanquished Creatures
  The ghost of bmj180 the Poker, an amateur MfSk (D:3)
  An ice beast (D:5)
  An ogre (D:4)
  A bullfrog (Sewer)
  A scorpion (D:4)
  A crimson imp (D:4)
  A bullfrog zombie (D:5)
  A hound (D:4)
  2 orc wizards (D:3)
  Terence (D:3)
  A worker ant (D:3)
  A hound skeleton (D:4)
  5 adders
  9 oozes
  2 worms (D:3)
  4 dart slugs
  10 leopard geckos
  11 orcs
  6 ball pythons (Sewer)
  15 giant cockroaches
  8 hobgoblins
  6 jackals
  3 quokkas (D:2)
  4 bats
  15 frilled lizards
  10 goblins
  6 kobolds
  6 rats
133 creatures vanquished.

Notes
Turn   | Place    | Note
-------+----------+-------------------------------------------
     0 | D:1      | Borgoz the Gargoyle Gladiator began the quest for the Orb.
     0 | D:1      | Reached XP level 1. HP: 12/12 MP: 1/1
    60 | D:1      | Reached XP level 2. HP: 12/18 MP: 2/2
   289 | D:1      | Reached XP level 3. HP: 22/22 MP: 3/3
   625 | D:2      | Reached skill level 1 in Armour
   841 | D:2      | Reached XP level 4. HP: 19/27 MP: 4/4
  1393 | D:3      | Found a blossoming altar of Fedhas.
  1517 | D:3      | Found a large runed translucent door.
  1517 | D:3      | Found a large runed translucent door.
  1519 | D:3      | Noticed bmj180's ghost (amateur MfSk)
  1538 | D:3      | You fall into a shaft and drop 3 floors!
  1549 | D:5      | Entered Level 5 of the Dungeon
  1553 | D:5      | Noticed an ice beast
  1565 | D:5      | Killed an ice beast
  1565 | D:5      | Reached skill level 4 in Maces & Flails
  1565 | D:5      | Reached XP level 5. HP: 32/32 MP: 5/5
  1657 | D:3      | Reached XP level 6. HP: 29/37 MP: 6/6
  1693 | D:3      | Noticed Terence
  1706 | D:3      | Killed Terence
  1781 | D:3      | Found a glowing drain.
  1793 | Sewer    | Entered a sewer
  2189 | Sewer    | Reached skill level 5 in Maces & Flails
  2196 | Sewer    | Reached XP level 7. HP: 6/42 MP: 7/7
  2595 | D:3      | Found a hide-covered altar of Uskayaw.
  2607 | D:3      | Found a basalt altar of Yredelemnul.
  3026 | D:3      | Found an iron altar of Okawaru.
  3047 | D:3      | Found a hazy altar of Hepliaklqana.
  3065 | D:3      | Became a worshipper of Warmaster Okawaru
  3213 | D:3      | Killed bmj180's ghost
  3399 | D:4      | Reached XP level 8. HP: 39/48 MP: 8/8
  3583 | D:4      | Mangled by an ogre

Levels and vault maps discovered:
D:1:      nzn_arrival_crosshair, layout_basic, lemuel_old_faithful
D:2:      minmay_spotlight, layout_loops_corners, st_stairs_1
D:3:      layout_basic, nicolae_overflow_quartered_altars,
          overflow_temple_1_default, cheibrodos_sewer_entry_bend,
          ebering_ghost_disaster_area, uniq_terence
D:4:      layout_basic
D:5:      layout_basic, first_ration, palyth_stone_intersect
D:6:      layout_basic, lightli_temple_of_fire, temple_fountains, serial_shops,
          shop_fountains, kennysheep_generic_room_3

Skill      XL: |  1  2  3  4  5  6  7 |
---------------+----------------------+-----
Armour         | 1 2 3 |  3.5
Dodging        | 3 4 |  4.8
Fighting       | 3 4 |  4.4
Maces & Flails | 4 5 |  5.9
Throwing       | |  1.7

Action                   |  1- 3 |  4- 6 |  7- 9 || total
-------------------------+-------+-------+-------++-------
Melee: Flail             |   106 |   271 |   167 ||   544
  Use: Scroll            |       |     6 |     3 ||     9
       Potion            |       |     1 |     6 ||     7
 Stab: Distracted        |       |     1 |       ||     1
  Eat: Chunk             |       |     4 |     6 ||    10
Armor: Leather armour    |     5 |       |       ||     5
       Ring mail         |    45 |   181 |   143 ||   369
Dodge: Dodged            |    85 |   263 |   171 ||   519

Table legend:
 A = Non-vault XP
 B = Vault XP
 C = Vault XP percentage of total XP
 D = Non-vault monster count
 E = Vault monster count
 F = Vault count percentage of total count
                 A         B        C        D         E       F
            +---------+---------+-------+---------+---------+-------
      Total |     750 |     477 |  38.9 |      79 |      54 |  40.6
            +---------+---------+-------+---------+---------+-------
        D:1 |      40 |       0 |   0.0 |      17 |       0 |   0.0
        D:2 |      53 |      22 |  29.3 |      23 |       6 |  20.7
        D:3 |     172 |     219 |  56.0 |      29 |       3 |   9.4
        D:4 |     308 |       0 |   0.0 |       8 |       0 |   0.0
        D:5 |     177 |       0 |   0.0 |       2 |       0 |   0.0
      Sewer |       0 |     236 | 100.0 |       0 |      45 | 100.0
            +---------+---------+-------+---------+---------+-------
